 Dungeon Sprint DCSS version 0.31-a0-819-gf6de2f5ab6 (webtiles) character file.

Game seed: 11990998777652875769

1225 sircluck the Grappler (level 8, -2/138 HPs)
             Began as a Troll Berserker on Sept 23, 2023.
             Was a High Priest of Trog.
             Slain by Snorg (13 damage)
             ... in the Dungeon (Sprint III: "The Ten Rune Challenge").
             The game lasted 00:01:18 (388 turns).

sircluck the Grappler (Troll Berserker)              Turns: 388, Time: 00:01:18

Health: -2/138     AC:  7    Str: 28    XL:     8   Next: 23%
Magic:  7/7        EV: 12    Int:  3    God:    Trog [*****.]
Gold:   17         SH:  0    Dex:  9    Spells: 7/7 levels left

rFire   . .          .
                       - Unarmed
rCold   . . .        (no shield)
rNeg    . . .        a - +0 animal skin
rPois   +            (helmet restricted)
rElec   .            h - +0 cloak
rCorr   .            (gloves unavailable)
SInv    .            (boots unavailable)
Will    .....        (no amulet) Stlth
                     (no ring)
HPRegen 1.23/turn    (no ring)
MPRegen 0.10/turn

%: no teleportation
@: berserking, very quick
A: large, unfitting armour, claws 3, regeneration 1, shaggy fur 1, tough skin 1,
iridescent scales 1, poison resistance
a: Renounce Religion, Berserk, Trog's Hand, Brothers in Arms


You were in the Dungeon.
You worshipped Trog.
Trog was extremely pleased with you.
You visited 1 branch You collected 17 gold pieces.

Inventory:

Armour
 a - a +0 animal skin (worn)
 h - a +0 cloak (worn)
Scrolls
 g - a scroll of blinking
 j - 2 scrolls of torment {unknown}
 k - a scroll of immolation {unknown}
 l - 2 scrolls of identify
Potions
 b - 3 potions of curing
 c - a potion of heal wounds
 d - a potion of haste
 e - 2 potions of magic
 f - a potion of berserk rage
 m - a potion of attraction {unknown}
 n - a potion of degeneration {unknown}
Miscellaneous
 i - a lightning rod (4/4)


   Skills:
 + Level 9.4 Fighting
 + Level 9.2 Dodging
 + Level 11.0 Unarmed Combat


You had 7 spell levels left.
You didn't know any spells.
Your spell library was empty.

Dungeon Overview and Level Annotations

Branches:
Dungeon (1/1)

Altars:
Cheibriados
Dithmenos
Elyvilon
Fedhas
Gozag
Hepliaklqana
Kikubaaqudgha
Makhleb
Nemelex Xobeh
Okawaru
Qazlal
Ru
Sif Muna
Trog
Uskayaw
Vehumet
Wu Jian
Xom
Yredelemnul
Zin
The Shining One
Jiyva
Lugonu

Annotations:
D Snorg


Innate Abilities, Weirdness & Mutations

You are too large for most types of armour.
You have claws for hands.
Your natural rate of healing is unusually fast.
You are covered in fur. (AC +1)
You have tough skin. (AC +1)
You are partially covered in iridescent scales. (AC +2)
Your system is resistant to poisons. (rPois)


Message History

You claw Snorg!
Snorg is lightly wounded.
Snorg goes berserk!
You claw Snorg!
Snorg is lightly wounded.
You mangle Snorg!! Your claw misses Snorg.
Snorg is moderately wounded.
Snorg bites you. Snorg claws you. Snorg misses you.
You claw Snorg!
Snorg is heavily wounded.
Snorg bites you! Snorg claws you!! Snorg claws you but does no damage.
You mangle Snorg!!
Snorg is severely wounded.
Snorg barely misses you. Snorg claws you!! Snorg claws you!
You completely miss Snorg.
Snorg is severely wounded.
You mangle Snorg!! Your claw misses Snorg.
Snorg is almost dead.
Snorg bites you. Snorg claws you! Snorg closely misses you.
You are too injured to fight recklessly!
You are too injured to fight recklessly!
You are too injured to fight recklessly!
You are too injured to fight recklessly!
You are too injured to fight recklessly!
You are too injured to fight recklessly!
You are too injured to fight recklessly!
You mangle Snorg!!
Snorg is almost dead.
Snorg bites you!
* * * LOW HITPOINT WARNING * * *
Snorg claws you!
* * * LOW HITPOINT WARNING * * *
Snorg claws you.
* * * LOW HITPOINT WARNING * * *
You barely miss Snorg.
Snorg is almost dead.
Snorg bites you!
* * * LOW HITPOINT WARNING * * *
Snorg claws you!
You die...

##.############
#..#___#___#__#
#..#.).#__)#)_#
#..###'#†###'##
#..#..........#
...'.⌠........#
...#...######'#
...#.⌠.#__#...#+#####
...#...#__#...#.@~~~+
...#)###__#...#.#T§§#
...#)::#__#...'.#§§§#
...#___#__'...#.#...#
▓▓▓▓▓▓▓▓▓▓▓▓▓▓▓▓▓▓▓▓▓


You could see Snorg (berserk).

Vanquished Creatures
  A deep elf pyromancer (D)
  A shadow (D)
  A spatial vortex (D)
  A necrophage (D)
  A water elemental (D)
  A jelly (D)
  Crazy Yiuf (D)
  Jessica (D)
  A wizard (D)
  A necromancer (D)
  3 humans (D)
  A kobold demonologist (D)
  An endoplasm (D)
  2 rats (D)
17 creatures vanquished.

Notes
Turn   | Place    | Note
-------+----------+-------------------------------------------
     0 | D        | sircluck the Troll Berserker began the quest for the Orb.
     0 | D        | Reached XP level 1. HP: 22/22 MP: 0/0
    21 | D        | Noticed Jessica
    25 | D        | Killed Jessica
    25 | D        | Reached ** piety under Trog
    26 | D        | Reached skill level 4 in Unarmed Combat
    26 | D        | Reached XP level 2. HP: 32/32 MP: 1/1
    32 | D        | Reached XP level 3. HP: 39/39 MP: 2/2
    36 | D        | Noticed Crazy Yiuf
    49 | D        | Killed Crazy Yiuf
    49 | D        | Reached *** piety under Trog
    50 | D        | Reached skill level 5 in Unarmed Combat
    50 | D        | Reached XP level 4. HP: 49/49 MP: 3/3
    83 | D        | Gained mutation: You are covered in thick fur. (AC +2)
                  | [potion of mutation]
    83 | D        | Gained mutation: You are partially covered in iridescent
                  | scales. (AC +2) [potion of mutation]
    83 | D        | Gained mutation: You are clumsy. (Dex -2) [potion of
                  | mutation]
    84 | D        | Lost mutation: You are covered in thick fur. (AC +2)
                  | [potion of mutation]
    84 | D        | Lost mutation: You are partially covered in iridescent
                  | scales. (AC +2) [potion of mutation]
    84 | D        | Lost mutation: You are clumsy. (Dex -2) [potion of
                  | mutation]
    84 | D        | Gained mutation: You have hidden genetic defects. [potion
                  | of mutation]
    84 | D        | Gained mutation: You expend magic power (3 MP) to
                  | strengthen your wands. [potion of mutation]
    85 | D        | Lost mutation: You have hidden genetic defects. [potion of
                  | mutation]
    85 | D        | Lost mutation: You expend magic power (3 MP) to strengthen
                  | your wands. [potion of mutation]
    85 | D        | Gained mutation: Your system is resistant to poisons.
                  | (rPois) [potion of mutation]
    85 | D        | Gained mutation: You are partially covered in iridescent
                  | scales. (AC +2) [potion of mutation]
    90 | D        | Noticed a water elemental
    95 | D        | Killed a water elemental
    96 | D        | Reached skill level 5 in Fighting
    96 | D        | Reached skill level 5 in Dodging
    96 | D        | Reached skill level 6 in Unarmed Combat
   236 | D        | Found a radiant altar of Vehumet.
   236 | D        | Found a shimmering blue altar of Sif Muna.
   236 | D        | Found an ancient bone altar of Kikubaaqudgha.
   236 | D        | Noticed a wizard
   237 | D        | Killed a wizard
   238 | D        | Reached XP level 5. HP: 58/58 MP: 4/4
   239 | D        | Reached **** piety under Trog
   250 | D        | Found a glowing silver altar of Zin.
   251 | D        | Found a glowing golden altar of the Shining One.
   251 | D        | Found a white marble altar of Elyvilon.
   251 | D        | Noticed a deep elf pyromancer
   257 | D        | Killed a deep elf pyromancer
   258 | D        | Reached skill level 9 in Unarmed Combat
   258 | D        | Reached XP level 6. HP: 72/72 MP: 5/5
   258 | D        | Reached XP level 7. HP: 80/80 MP: 6/6
   296 | D        | Found a hide-covered altar of Uskayaw.
   296 | D        | Found an iron altar of Okawaru.
   296 | D        | Found a bloodstained altar of Trog.
   296 | D        | Found an ornate altar of the Wu Jian Council.
   296 | D        | Noticed a human
   296 | D        | Noticed a human
   299 | D        | Killed a human
   303 | D        | Killed a human
   304 | D        | Reached skill level 10 in Unarmed Combat
   310 | D        | Found a basalt altar of Yredelemnul.
   310 | D        | Found a shadowy altar of Dithmenos.
   310 | D        | Found a sacrificial altar of Ru.
   312 | D        | Reached ***** piety under Trog
   323 | D        | Noticed a shadow
   328 | D        | Killed a shadow
   329 | D        | Reached XP level 8. HP: 80/92 MP: 7/7
   335 | D        | Found a blossoming altar of Fedhas.
   335 | D        | Found a stormy altar of Qazlal.
   335 | D        | Found a snail-covered altar of Cheibriados.
   335 | D        | Found a burning altar of Makhleb.
   335 | D        | Found a shimmering altar of Xom.
   336 | D        | Found a hazy altar of Hepliaklqana.
   336 | D        | Found an opulent altar of Gozag.
   336 | D        | Found a sparkling altar of Nemelex Xobeh.
   336 | D        | Found a corrupted altar of Lugonu.
   336 | D        | Found a viscous altar of Jiyva.
   347 | D        | Reached skill level 11 in Unarmed Combat
   378 | D        | Noticed Snorg
   388 | D        | Slain by Snorg

Illustrated notes

Levels and vault maps discovered:
D:        dungeon_sprint_mu [sprint_mu_entry_cave, sprint_mu_temple_rooms,
          sprint_mu_d1_horrors, sprint_mu_d2_genie, sprint_mu_d3_branching,
          sprint_mu_orc_legion, sprint_mu_elf_gauntlet, sprint_mu_hive_nellie,
          sprint_mu_lair_fedhas, sprint_mu_vaults_butterflies,
          sprint_mu_slime_circle, sprint_mu_swamp_cave, sprint_mu_snake_twists,
          sprint_mu_blade_basic, sprint_mu_crypt_chambers,
          sprint_mu_tomb_spiral, sprint_mu_vestibule_basic,
          sprint_mu_gehenna_hellfire, sprint_mu_dis_giant,
          sprint_mu_tartarus_statrot, sprint_mu_cocytus_islands, sprint_mu_zot1]

Skill      XL: |  1  2  3  4  5  6  7  8 |
---------------+-------------------------+-----
Fighting       | 3 4 5 8 9 |  9.4
Dodging        | 3 4 5 7 9 |  9.2
Unarmed Combat | 4 5 6 9 10 11 | 11.0

Action                     |  1- 3 |  4- 6 |  7- 9 || total
---------------------------+-------+-------+-------++-------
  Melee: Unarmed           |    15 |    11 |    30 ||    56
         Punch             |     2 |     1 |     2 ||     5
 Invoke: Berserk           |     1 |     2 |     1 ||     4
    Use: Potion            |       |     3 |       ||     3
 Armour: Animal skin       |     6 |     5 |    19 ||    30
  Dodge: Dodged            |     4 |     2 |     8 ||    14

Table legend: (Time is in decaauts)
 A = Elapsed time spent in this place.
 B = Non-inter-level travel time spent in this place.
 C = Inter-level travel time spent in this place.
 D = Time resting spent in this place.
 E = Time spent auto-exploring this place.
 F = Levels seen in this place.
 G = Mean time per level.
                   A        B        C        D        E       F      G
               +--------+--------+--------+--------+--------+-----+--------+
         Total |    403 |    403 |      0 |    200 |     63 |   1 |  403.0 |
       Dungeon |    403 |    403 |      0 |    200 |     63 |   1 |  403.0 |
               +--------+--------+--------+--------+--------+-----+--------+

Top non-repeatable levels by time:
       D: 403 daAuts
